 Dungeon Crawl Stone Soup version 0.31-a0-150-g89dc3ad700 (webtiles) character file.

Game seed: 11445769960629803878

382 qw the Skirmisher (level 6, -1/52 HPs)
             Began as a Minotaur Hunter on June 8, 2023.
             Frozen to death by an endoplasm (4 damage)
             ... on level 4 of the Dungeon.
             The game lasted 00:01:23 (2411 turns).

qw the Skirmisher (Minotaur Hunter)                 Turns: 2411, Time: 00:01:23

Health: -1/52      AC:  6    Str: 16    XL:     6   Next: 47%
Magic:  5/5        EV: 11    Int:  6    God:
Gold:   217        SH:  0    Dex: 15    Spells: 5/5 levels left

rFire   . . .        Y - +0 shortbow (freeze)
rCold   . . .        (shield currently unavailable)
rNeg    + + .        a - +0 ring mail
rPois   .            (helmet restricted)
rElec   .            j - +0 cloak of Paonepn {Will+ Stlth+}
rCorr   .            (no gloves)
SInv    .            (no boots)
Will    +....        (no amulet)
Stlth   ++           d - ring of positive energy
HPRegen 0.28/turn    f - ring of positive energy
MPRegen 0.09/turn

%: no passive effects
@: about to teleport
A: horns 2, retaliatory headbutt
a: no special abilities


You were on level 4 of the Dungeon.
You visited 1 branch of the dungeon, and saw 4 of its levels.

You collected 217 gold pieces.


Innate Abilities, Weirdness & Mutations

You have a pair of horns on your head.
You reflexively headbutt those who attack you in melee.


   Skills:
 + Level 4.0 Fighting
 - Level 8.0 Ranged Weapons
 - Level 1.0 Armour
 - Level 2.1 Dodging
 - Level 0.7 Stealth


You had 5 spell levels left.
You didn't know any spells.
Your spell library was empty.

Inventory:

Hand Weapons
 Y - a +0 shortbow of freezing (weapon)
Armour
 a - a +0 ring mail (worn)
 j - the +0 cloak of Paonepn (worn) {Will+ Stlth+}
   (You found it on level 3 of the Dungeon)

   Will:      It increases your willpower.
   Stlth:     It makes you more stealthy.
Jewellery
 d - a ring of positive energy (left hand)
 f - a ring of positive energy (right hand)
Scrolls
 b - a scroll of identify
 i - a scroll of enchant weapon {unknown}
Potions
 e - 2 potions of curing
 g - a potion of might
 h - a potion of enlightenment {unknown}

Dungeon Overview and Level Annotations

Branches:
Dungeon (4/15)
 Temple: D:4-7

Altars:

Shops:
D:3 (

Annotations:
D:4 Pikel


Message History

Pikel freezes you.
The endoplasm jiggles.
The endoplasm misses you.
You shoot an arrow.
The arrow hits Pikel but does no damage.
Pikel is lightly wounded.
Pikel hits you with a +1 whip of freezing!
Pikel freezes you. The endoplasm closely misses you.
You shoot an arrow. The arrow barely misses Pikel.
The arrow barely misses the lemure.
Pikel barely misses you. The endoplasm hits you.
You shoot an arrow.
The arrow hits Pikel but does no damage.
Pikel is lightly wounded.
Pikel hits you with a +1 whip of freezing.
Pikel freezes you. The endoplasm barely misses you.
You shoot an arrow. The arrow hits Pikel.
The arrow freezes Pikel.
Pikel is moderately wounded.
Pikel barely misses you. The endoplasm freezes you.
You are frozen.
You shoot an arrow. The arrow barely misses Pikel.
The arrow hits the lemure but does no damage.
The lemure is moderately wounded.
Pikel hits you with a +1 whip of freezing.
Pikel freezes you. The endoplasm closely misses you.
You shoot an arrow. The arrow closely misses Pikel.
The arrow barely misses the lemure.
The endoplasm freezes you.
You are frozen.
Pikel hits you with a +1 whip of freezing.
Pikel freezes you.
2411 ||| READING scroll of teleportation.
As you read the scroll of teleportation, it crumbles to dust.
You feel strangely unstable.
Pikel hits you with a +1 whip of freezing!
Pikel freezes you. The endoplasm freezes you.
You are frozen.
You die...

##### ......
##################......
J.............)..J.>....
#########.......@K5.....
#.########5..... #.#
..... #.#... ....
#.#..#### ... #.#..#..#
.. #.#..#..# #
#.#..#..### #.#..#...<#


You could see Pikel, 2 lemures and an endoplasm.

Vanquished Creatures
  A lemure (D:4)
  2 hounds (D:4)
  An iguana (D:4)
  3 orc wizards
  7 adders
  3 gnolls (D:4)
  2 worms (D:3)
  2 dart slugs
  13 orcs
  10 bats
  8 endoplasms
  13 giant cockroaches
  10 goblins
  6 hobgoblins
  4 jackals
  2 quokkas
  6 ball pythons
  2 frilled lizards
  11 kobolds
  8 rats
114 creatures vanquished.

Notes
Turn   | Place    | Note
-------+----------+-------------------------------------------
     0 | D:1      | qw the Minotaur Hunter began the quest for the Orb.
     0 | D:1      | Reached XP level 1. HP: 18/18 MP: 0/0
     0 | D:1      | 0 ||| qw: Version: 0.2-a-119-g7aa9181
     0 | D:1      | 0 ||| qw: Game counter: 2873
     0 | D:1      | 0 ||| qw: Always use a shield: true
     0 | D:1      | 0 ||| qw: God list: Okawaru
     0 | D:1      | 0 ||| qw: Allow faded altars: false
     0 | D:1      | 0 ||| qw: Do Orc after D:15 true
     0 | D:1      | 0 ||| qw: Do second Lair branch before Depths: true
     0 | D:1      | 0 ||| qw: Lair rune preference: random
     0 | D:1      | 0 ||| qw: Plans: Normal
     0 | D:1      | 0 ||| PLANNING D:1-11
   142 | D:1      | Reached XP level 2. HP: 25/25 MP: 1/1
   145 | D:1      | Reached skill level 5 in Ranged Weapons
   266 | D:1      | 266 ||| FLEEEEING.
   267 | D:1      | 267 ||| FLEEEEING.
   275 | D:1      | Reached skill level 3 in Fighting
   310 | D:1      | Found a faded altar of an unknown god.
   336 | D:1      | Reached XP level 3. HP: 31/31 MP: 2/2
   528 | D:1      | 528 ||| UPGRADING to ring of positive energy.
   529 | D:1      | 529 ||| READING scroll labelled MUACZE JEIPN.
   530 | D:1      | 530 ||| DROPPING scroll of butterflies.
   936 | D:2      | Reached XP level 4. HP: 35/38 MP: 3/3
   948 | D:2      | Reached skill level 6 in Ranged Weapons
  1110 | D:2      | 1110 ||| UPGRADING to +0 ring mail.
  1120 | D:2      | 1120 ||| DROPPING +0 leather armour.
  1121 | D:2      | 1121 ||| UPGRADING to ring of positive energy.
  1122 | D:2      | 1122 ||| READING 3 scrolls labelled MUVOUBANWY.
  1123 | D:2      | 1123 ||| DRINKING 2 smoky golden potions.
  1124 | D:2      | 1124 ||| READING 2 scrolls of identify.
  1124 | D:2      | 1124 ||| IDENTIFYING fuming red potion
  1194 | D:3      | Found Vejewk's Antique Weapon Boutique.
  1198 | D:3      | Reached skill level 1 in Armour
  1212 | D:3      | 1212 ||| SHOPLISTING runed orcbow (195 gold, have 137).
  1228 | D:3      | 1228 ||| FLEEEEING.
  1229 | D:3      | 1229 ||| FLEEEEING.
  1230 | D:3      | 1230 ||| FLEEEEING.
  1231 | D:3      | 1231 ||| FLEEEEING.
  1232 | D:3      | 1232 ||| FLEEEEING.
  1233 | D:3      | 1233 ||| FLEEEEING.
  1234 | D:3      | 1234 ||| FLEEEEING.
  1235 | D:3      | 1235 ||| FLEEEEING.
  1236 | D:3      | 1236 ||| FLEEEEING.
  1237 | D:3      | 1237 ||| FLEEEEING.
  1238 | D:3      | 1238 ||| FLEEEEING.
  1239 | D:3      | 1239 ||| STAIRDANCE
  1262 | D:2      | 1262 ||| READING 2 scrolls labelled ACAAME UZOON.
  1387 | D:3      | Identified the +0 cloak of Paonepn {Will+ Stlth+}
  1421 | D:3      | Reached XP level 5. HP: 46/46 MP: 4/4
  1596 | D:3      | 1596 ||| Stepping ~*~*~tactically~*~*~ (outnumbered).
  1598 | D:3      | 1598 ||| Stepping ~*~*~tactically~*~*~ (outnumbered).
  1764 | D:3      | 1764 ||| UPGRADING to +0 cloak of Paonepn {Will+ Stlth+}.
  1769 | D:3      | 1769 ||| READING scroll labelled NICSUTS OMUE.
  1812 | D:4      | 1812 ||| PLANNING SEWER
  1837 | D:4      | Identified the +7 dagger of Noon {flame, rElec Int+3}
  1984 | D:4      | Reached skill level 7 in Ranged Weapons
  2148 | D:4      | Reached XP level 6. HP: 46/52 MP: 5/5
  2297 | D:4      | Reached skill level 8 in Ranged Weapons
  2335 | D:4      | 2335 ||| FLEEEEING.
  2363 | D:4      | 2363 ||| FLEEEEING.
  2364 | D:4      | 2364 ||| FLEEEEING.
  2394 | D:4      | Noticed Pikel
  2410 | D:4      | HP: 13/52 [Pikel/+1 whip of freezing (1)]
  2411 | D:4      | 2411 ||| READING scroll of teleportation.
  2411 | D:4      | HP: 5/52 [Pikel/+1 whip of freezing (8)]
  2411 | D:4      | Frozen to death by an endoplasm

Levels and vault maps discovered:
D:1:      dpeg_arrival_lava_temple_mockup, layout_rooms,
          hellmonk_ecumenical_altar_arch_garden
D:2:      minmay_roachtagon, layout_basic, minmay_quadrilaterals
D:3:      minmay_chambers_of_twos, layout_rooms, serial_shops, shop
D:4:      layout_basic, gup_sewer_entry_spiral, nicolae_elemental_shop,
          grunt_decor_junction, chequers_serial_rivers_large_b, st_stairs_10,
          minivault_26, uniq_pikel

Skill      XL: |  1  2  3  4  5  6 |
---------------+-------------------+-----
Ranged Weapons | 5 6 7 8 |  8.0
Fighting       | 3 4 |  4.0
Armour         | 1 |  1.0
Dodging        | |  2.1
Stealth        | |  0.7

Action                     |  1- 3 |  4- 6 || total
---------------------------+-------+-------++-------
   Fire: Shortbow          |   118 |   215 ||   333
    Use: Scroll            |     1 |     5 ||     6
         Potion            |       |     1 ||     1
 Armour: Leather armour    |     8 |     1 ||     9
         Ring mail         |       |    43 ||    43
  Dodge: Dodged            |    23 |    52 ||    75

Table legend:
 A = Non-vault XP
 B = Vault XP
 C = Vault XP percentage of total XP
 D = Non-vault monster count
 E = Vault monster count
 F = Vault count percentage of total count
                 A         B        C        D         E       F
            +---------+---------+-------+---------+---------+-------
      Total |     477 |      69 |  12.6 |      89 |      24 |  21.2
            +---------+---------+-------+---------+---------+-------
        D:1 |      42 |       0 |   0.0 |      27 |       0 |   0.0
        D:2 |      36 |      38 |  51.4 |      15 |      14 |  48.3
        D:3 |     101 |      27 |  21.1 |      20 |       8 |  28.6
        D:4 |     298 |       4 |   1.3 |      27 |       2 |   6.9
            +---------+---------+-------+---------+---------+-------
